 Dungeon Crawl Stone Soup version 0.31-a0-161-gb58dd9be76 (webtiles) character file.

Game seed: 16299269707409824603

954 qw the Skirmisher (level 8, -12/49 HPs)
             Began as a Gargoyle Hunter on June 12, 2023.
             Mangled by an ogre
             ... wielding a +0 giant club
              (19 damage)
             ... on level 5 of the Dungeon.
             The game lasted 00:01:25 (3118 turns).

qw the Skirmisher (Gargoyle Hunter)                 Turns: 3118, Time: 00:01:25

Health: -12/49     AC: 10    Str: 14    XL:     8   Next: 14%
Magic:  8/8        EV: 11    Int: 11    God:
Gold:   107        SH:  0    Dex: 15    Spells: 7/7 levels left

rFire   . . .        Y - +1 shortbow
rCold   . . .        (shield currently unavailable)
rNeg    + . .        d - +0 ring mail
rPois   inf          (no helmet)
rElec   +            (no cloak)
rCorr   .            (no gloves)
SInv    .            (no boots)
Will    .....        (no amulet)
Stlth   +            (no ring)
HPRegen 0.28/turn    (no ring)
MPRegen 0.11/turn

%: no passive effects
@: no status effects
A: sickness immunity, AC +5, negative energy resistance 1, electricity
resistance, torment resistance 1, petrification resistance
a: no special abilities


You were on level 5 of the Dungeon.
You visited 1 branch of the dungeon, and saw 5 of its levels.

You collected 185 gold pieces.
You spent 78 gold pieces at shops.


Innate Abilities, Weirdness & Mutations

You are immune to sickness and miasma.
Your stone body is resilient. (AC +5)
You are immune to poison.
You resist negative energy. (rN+)
You are resistant to electric shocks. (rElec)
You are resistant to unholy torment.
You are immune to petrification.


   Skills:
 - Level 5.0 Fighting
 + Level 8.3 Ranged Weapons
 - Level 1.0 Armour
 - Level 3.2 Dodging
 - Level 1.1 Stealth


You had 7 spell levels left.
You didn't know any spells.
Your spell library was empty.

Inventory:

Hand Weapons
 Y - a +1 shortbow (weapon)
Armour
 d - a +0 ring mail (worn)
Scrolls
 g - a scroll of identify
Potions
 a - a potion of cancellation {unknown}
 b - a potion of ambrosia {unknown}
 c - 2 potions of lignification
 e - a potion of brilliance {unknown}
 f - a potion of curing
 j - a potion of enlightenment {unknown}

Dungeon Overview and Level Annotations

Branches:
Dungeon (5/15)
 Temple: D:4-7

Altars:

Shops:
D:3 !   D:4 [


Message History

The gnoll is moderately wounded.
You shoot an arrow.
The arrow hits the gnoll but does no damage.
The gnoll is moderately wounded.
You shoot an arrow. The arrow closely misses the gnoll.
You shoot an arrow. The arrow barely misses the gnoll.
You shoot an arrow. The arrow hits the gnoll.
The gnoll is heavily wounded.
The gnoll hits you from afar with a +0 spear.
An ogre comes into view. It is wielding a +0 giant club.
The gnoll closely misses you.
You shoot an arrow. The arrow closely misses the gnoll.
The gnoll barely misses you.
You shoot an arrow. The arrow closely misses the gnoll.
The gnoll hits you but does no damage.
You shoot an arrow. The arrow hits the gnoll.
The gnoll is almost dead.
The gnoll hits you but does no damage.
You shoot an arrow. The arrow hits the gnoll.
You kill the gnoll!
You shoot an arrow. The arrow hits the ogre!
The ogre is moderately wounded.
You shoot an arrow. The arrow hits the ogre.
The ogre is moderately wounded.
The ogre misses you.
You shoot an arrow. The arrow hits the ogre!
The ogre is severely wounded.
The ogre hits you with a +0 giant club!
You shoot an arrow. The arrow hits the ogre.
The ogre is severely wounded.
You shoot an arrow. The arrow hits the ogre.
The ogre is severely wounded.
The ogre hits you with a +0 giant club!
You shoot an arrow. The arrow barely misses the ogre.
The ogre hits you with a +0 giant club!!
You shoot an arrow. The arrow hits the ogre.
The ogre is severely wounded.
A water moccasin comes into view.
The ogre hits you with a +0 giant club!!
You die...

#.......>.# ##
########[.# .. #..#
#. #..# #.
########..# #.
..........# #g
#########..#
#.#S##O##..........#
.......@..########.#
########..## #.#
########...# #.##
...........# #..#
########...# ##.#
#.### #.# #.# #.#
#.# #.# #)# #.#


You could see a water moccasin, an ogre and a gnoll.

Vanquished Creatures
  Grinder (D:4)
  Sigmund (D:5)
  Edmund (D:4)
  A water moccasin (D:4)
  A phantom (D:4)
  A scorpion (D:4)
  An iguana (D:5)
  Natasha (D:2)
  2 orc wizards (D:4)
  4 adders
  A gnoll (D:5)
  An ufetubus (D:4)
  A worm (D:3)
  A dart slug (D:1)
  9 orcs
  6 ball pythons
  8 endoplasms
  6 giant cockroaches
  3 goblins
  8 hobgoblins
  6 jackals
  6 kobolds
  4 quokkas
  4 bats
  7 frilled lizards
  6 rats
91 creatures vanquished.

Notes
Turn   | Place    | Note
-------+----------+-------------------------------------------
     0 | D:1      | qw the Gargoyle Hunter began the quest for the Orb.
     0 | D:1      | Reached XP level 1. HP: 12/12 MP: 1/1
     0 | D:1      | 0 ||| qw: Version: 0.2-a-29-gc1b59c4
     0 | D:1      | 0 ||| qw: Game counter: 4218
     0 | D:1      | 0 ||| qw: Always use a shield: true
     0 | D:1      | 0 ||| qw: God list: Okawaru
     0 | D:1      | 0 ||| qw: Allow faded altars: false
     0 | D:1      | 0 ||| qw: Do Orc after D:15 true
     0 | D:1      | 0 ||| qw: Do second Lair branch before Depths: true
     0 | D:1      | 0 ||| qw: Lair rune preference: random
     0 | D:1      | 0 ||| qw: Plans: Normal, Zot:1-4, Slime:5, God:TSO, Crypt,
                  | Tomb, Abyss, Pan, Hells, Win
     0 | D:1      | 0 ||| PLANNING D:1-11
    75 | D:1      | Reached XP level 2. HP: 17/17 MP: 2/2
   402 | D:1      | Found a faded altar of an unknown god.
   459 | D:1      | Reached XP level 3. HP: 21/21 MP: 3/3
   590 | D:1      | Reached skill level 5 in Ranged Weapons
   723 | D:1      | 723 ||| READING scroll labelled JAUREE DUKEC.
   724 | D:1      | 724 ||| READING scroll labelled FEUKHL EHEAVVE.
   725 | D:1      | 725 ||| READING scroll labelled IJUOFI SIGU.
   726 | D:1      | 726 ||| DROPPING scroll of butterflies.
  1078 | D:2      | Reached skill level 3 in Fighting
  1217 | D:2      | Reached XP level 4. HP: 28/28 MP: 4/4
  1270 | D:2      | Noticed Natasha
  1274 | D:2      | 1274 ||| FLEEEEING.
  1278 | D:2      | 1278 ||| FLEEEEING.
  1285 | D:2      | HP: 6/28 [Natasha/magic dart (6)]
  1286 | D:2      | Killed Natasha
  1486 | D:2      | 1486 ||| UPGRADING to +0 ring mail.
  1496 | D:2      | 1496 ||| DROPPING +0 leather armour.
  1497 | D:2      | 1497 ||| READING scroll labelled CEOVOL CAYMPU.
  1498 | D:2      | 1498 ||| READING scroll labelled HOACOR LUWKIN.
  1499 | D:2      | 1499 ||| DRINKING 2 glowing coppery potions.
  1527 | D:3      | Found Gadghejic's Distillery.
  1530 | D:3      | 1530 ||| BUYING 2 potions of lignification (78 gold).
  1530 | D:3      | Bought 2 potions of lignification for 78 gold pieces
  1530 | D:3      | 1530 ||| SHOPLISTING potion of heal wounds (65 gold, have
                  | 21).
  1530 | D:3      | 1530 ||| SHOPLISTING potion of lignification (39 gold, have
                  | 21).
  1530 | D:3      | 1530 ||| SHOPLISTING potion of might (52 gold, have 21).
  1530 | D:3      | 1530 ||| SHOPLISTING potion of mutation (104 gold, have
                  | 21).
  1560 | D:3      | Reached skill level 1 in Armour
  1685 | D:3      | Reached XP level 5. HP: 29/32 MP: 5/5
  2151 | D:3      | Reached skill level 6 in Ranged Weapons
  2156 | D:3      | 2156 ||| READING scroll labelled NANNOTZ TUPU.
  2157 | D:3      | 2157 ||| READING scroll labelled NUOJAU RISHOC.
  2158 | D:3      | 2158 ||| READING 2 scrolls of identify.
  2158 | D:3      | 2158 ||| IDENTIFYING fuming sapphire potion
  2202 | D:4      | Noticed Grinder
  2203 | D:4      | Paralysed by Grinder for 3 turns
  2209 | D:4      | Paralysed by Grinder for 2 turns
  2209 | D:4      | HP: 7/33 [Grinder (2)]
  2211 | D:4      | 2211 ||| DRINKING potion of heal wounds.
  2220 | D:4      | Paralysed by Grinder for 3 turns
  2235 | D:4      | Killed Grinder
  2236 | D:4      | Reached skill level 7 in Ranged Weapons
  2236 | D:4      | Reached XP level 6. HP: 36/38 MP: 6/6
  2315 | D:4      | Reached XP level 7. HP: 20/43 MP: 7/7
  2459 | D:4      | 2459 ||| FLEEEEING.
  2460 | D:4      | 2460 ||| FLEEEEING.
  2461 | D:4      | 2461 ||| FLEEEEING.
  2462 | D:4      | 2462 ||| FLEEEEING.
  2463 | D:4      | 2463 ||| FLEEEEING.
  2464 | D:4      | 2464 ||| FLEEEEING.
  2465 | D:4      | 2465 ||| FLEEEEING.
  2467 | D:4      | 2467 ||| FLEEEEING.
  2468 | D:4      | 2468 ||| FLEEEEING.
  2469 | D:4      | 2469 ||| STAIRDANCE
  2521 | D:4      | Reached skill level 8 in Ranged Weapons
  2598 | D:4      | Noticed Edmund
  2620 | D:4      | HP: 7/43 [Edmund/+1 flail of protection (8)]
  2621 | D:4      | Killed Edmund
  2865 | D:4      | Found Bous Tuc's Antique Armour Emporium.
  2916 | D:5      | Entered Level 5 of the Dungeon
  3062 | D:5      | Noticed Sigmund
  3068 | D:5      | Killed Sigmund
  3069 | D:5      | Reached skill level 3 in Dodging
  3069 | D:5      | Reached XP level 8. HP: 43/49 MP: 8/8
  3117 | D:5      | HP: 7/49 [ogre/+0 giant club (18)]
  3118 | D:5      | Mangled by an ogre

Levels and vault maps discovered:
D:1:      psy_arrival_terrarium, layout_loops_ring,
          chequers_ecumenical_altar_grove
D:2:      layout_loops_ring, uniq_natasha
D:3:      layout_basic, serial_shops, nicolae_shop_behind_doors
D:4:      layout_rooms, serial_shops, nicolae_shop_peninsula, uniq_edmund,
          uniq_grinder
D:5:      minmay_diamond_boxcup, layout_loops_ring, minmay_strange_pillars,
          uniq_menkaure, uniq_sigmund

Skill      XL: |  1  2  3  4  5  6  7 |
---------------+----------------------+-----
Ranged Weapons | 5 7 8 |  8.3
Fighting       | 3 4 5 |  5.0
Armour         | 1 |  1.0
Dodging        | 3 |  3.2
Stealth        | |  1.1

Action                     |  1- 3 |  4- 6 |  7- 9 || total
---------------------------+-------+-------+-------++-------
   Fire: Shortbow          |   110 |   167 |    83 ||   360
    Use: Scroll            |     3 |     5 |       ||     8
         Potion            |       |     2 |       ||     2
 Armour: Leather armour    |    24 |     7 |       ||    31
         Ring mail         |       |    38 |    16 ||    54
  Dodge: Dodged            |    30 |    39 |    21 ||    90

Table legend:
 A = Non-vault XP
 B = Vault XP
 C = Vault XP percentage of total XP
 D = Non-vault monster count
 E = Vault monster count
 F = Vault count percentage of total count
                 A         B        C        D         E       F
            +---------+---------+-------+---------+---------+-------
      Total |     660 |     704 |  51.6 |      87 |       4 |   4.4
            +---------+---------+-------+---------+---------+-------
        D:1 |      46 |       0 |   0.0 |      26 |       0 |   0.0
        D:2 |      59 |      35 |  37.2 |      25 |       1 |   3.8
        D:3 |      66 |       0 |   0.0 |      21 |       0 |   0.0
        D:4 |     436 |     438 |  50.1 |      13 |       2 |  13.3
        D:5 |      53 |     231 |  81.3 |       2 |       1 |  33.3
            +---------+---------+-------+---------+---------+-------
